 Dungeon Crawl Stone Soup version 0.29.1-15-g9cfb28693d (webtiles) character file.

Game seed: 17617159915356968292

30 Cheops the Slasher (level 3, -3/27 HPs)
             Began as a Demonspawn Gladiator on Apr 10, 2023.
             Killed from afar by Sigmund (7 damage)
             ... with a magic dart
             ... on level 2 of the Dungeon.
             The game lasted 00:02:02 (1556 turns).

Cheops the Slasher (Demonspawn Gladiator)           Turns: 1556, Time: 00:02:03

Health: -3/27      AC:  3    Str: 14    XL:     3   Next: 5%
Magic:  3/3        EV: 12    Int:  9    God:
Gold:   41         SH:  0    Dex: 16    Spells: 2/2 levels left

rFire   . . .      SeeInvis .   a - +0 long sword
rCold   . . .      Faith    .   (no shield)
rNeg    . . .      Spirit   .   b - +0 leather armour
rPois   .          Reflect  .   (helmet restricted)
rElec   .          Harm     .   (no cloak)
rCorr   +          Rampage  .   (no gloves)
Will    .....                   (no boots)
Stlth   +.........              (no amulet)
HPRegen 0.09/turn               j - ring of resist corrosion
MPRegen 0.08/turn               (no ring)

@: no status effects
A: horns 2
a: no special abilities


You were on level 2 of the Dungeon.
You visited 1 branch of the dungeon, and saw 2 of its levels.

You collected 41 gold pieces.

Inventory:

Hand Weapons
 a - a +0 long sword (weapon)
Missiles
 d - 3 throwing nets (quivered)
 e - a javelin
Armour
 b - a +0 leather armour (worn)
 c - a +0 helmet
Jewellery
 j - a ring of resist corrosion (left hand)
Potions
 f - a potion of curing


   Skills:
 - Level 2.0 Fighting
 + Level 3.8 Long Blades
 - Level 1.7 Throwing
 - Level 2.6 Dodging


You had 2 spell levels left.
You didn't know any spells.
Your spell library contained the following spells:

 Spells                   Type           Power      Damage    Failure   Level
 Blink                    Tloc           0%         N/A       61%         2
 Conjure Flame            Conj/Fire      0%         6-21      83%         3
 Ignite Poison            Fire/Tmut/Pois 0%         N/A       83%         3
 Sticky Flame             Conj/Fire      0%         2d3       99%         4
 Manifold Assault         Tloc           0%         N/A       100%        5
 Storm Form               Tmut/Air       0%         N/A       100%        7


Dungeon Overview and Level Annotations

Branches:
Dungeon (2/15)

Altars:

Annotations:
D:2 Sigmund


Innate Abilities, Weirdness & Mutations

You have a pair of horns on your head.


Message History

Sigmund gestures at you while chanting.
You are confused.
Sigmund casts a spell at you. You resist with significant effort.
You bump into the rock wall.
Sigmund barely misses you. Sigmund attacks as you move away!
Sigmund closely misses you.
You bump into the rock wall.
Sigmund casts a spell at you. The puff of flame hits you!
You bump into the rock wall.
Sigmund gestures at you while chanting.
You are more confused.
You're too confused to move!
Sigmund hits you from afar with a +0 scythe.
Sigmund hits you with a +0 scythe.
You hit Sigmund. You headbutt Sigmund!
Sigmund is heavily wounded.
Sigmund attacks as you move away! Sigmund closely misses you.
Sigmund's eyes start glowing with a red light.
Sigmund hits you from afar with a +0 scythe.
* * * LOW HITPOINT WARNING * * *
Okay, then.
Unknown command.
Unknown command.
You are too confused!
Unknown command.
You are starting to lose your buoyancy.
Sigmund gestures at you while chanting. The puff of flame hits you.
* * * LOW HITPOINT WARNING * * *
You bump into the rock wall.
You feel less confused.
As you read the scroll labelled SELOEDO WESMUSM, it crumbles to dust.
It is a scroll of identify.
You don't have any unidentified items.
There is a dry fountain here.
You float gracefully downwards.
Sigmund gestures at you while chanting. The magic dart hits you!
You die...

.........# #.#
....####.# #.#
.....###.###.#
#.........# #
#.....#####
#.##.@...#
#.....⌠..#
#(#......#
#.##[.@..#
##>####..##
#.......##
#..####.#
#..####.####
#..#.......# ####
##....##.##.#
...######.....##.#
#
.<...............#


You could see Sigmund.

Vanquished Creatures
  An adder (D:2)
  2 endoplasms
  2 goblins (D:1)
  2 hobgoblins (D:1)
  A ball python (D:1)
  A bat (D:1)
  15 frilled lizards (D:1)
  2 kobolds (D:1)
26 creatures vanquished.

Vanquished Creatures (others)
  6 plants (D:1)
6 creatures vanquished.

Grand Total: 32 creatures vanquished

Notes
Turn   | Place    | Note
-------+----------+-------------------------------------------
     0 | D:1      | Cheops the Demonspawn Gladiator began the quest for the
                  | Orb.
     0 | D:1      | Reached XP level 1. HP: 16/16 MP: 1/1
   170 | D:1      | Reached skill level 3 in Long Blades
   630 | D:1      | Gained mutation: You have a pair of small horns on your
                  | head. [demonic ancestry]
   630 | D:1      | Reached XP level 2. HP: 20/22 MP: 2/2
  1141 | D:1      | Found a faded altar of an unknown god.
  1302 | D:2      | Gained mutation: You have a pair of horns on your head.
                  | [demonic ancestry]
  1302 | D:2      | Reached XP level 3. HP: 11/27 MP: 3/3
  1535 | D:2      | Noticed Sigmund
  1556 | D:2      | Killed from afar by Sigmund

Illustrated notes

Levels and vault maps discovered:
D:1:      noname_arrival_rooms_in_the_neighbourhood, layout_basic,
          ebering_ecumenical_altar_mist, minmay_lizard_king
D:2:      layout_loops_corners, solitary_fountain, minmay_misc_feat_ornament,
          uniq_sigmund

Skill      XL: |  1 |
---------------+----+-----
Long Blades    | 3 |  3.8
Fighting       | |  2.0
Throwing       | |  1.7
Dodging        | |  2.6

Action                   || total
-------------------------++-------
Melee: Long sword        ||    75
       Headbutt          ||     7
       Punch             ||     1
  Use: Potion            ||     3
       Scroll            ||     1
 Stab: Sleeping          ||     1
Armor: Leather armour    ||    14
Dodge: Dodged            ||    55
